 Dungeon Crawl Stone Soup version 0.30-a0-358-g0d69a1922f (webtiles) character file.

Game seed: 2294201225904719616

694 p00ps00p the Trooper (level 7, 0/63 HPs)
             Began as a Hill Orc Fighter on Nov 9, 2022.
             Slain by an orc
             ... wielding a +0 flail
              (1 damage)
             ... on level 4 of the Dungeon.
             The game lasted 00:08:21 (3362 turns).

p00ps00p the Trooper (Hill Orc Fighter)             Turns: 3362, Time: 00:08:22

Health: 0/63       AC: 10    Str: 21    XL:     7   Next: 64%
Magic:  7/7        EV:  6    Int:  8    God:
Gold:   180        SH:  0    Dex: 10    Spells: 6/6 levels left

rFire   . . .      SeeInvis .    a - +0 war axe
rCold   . . .      Faith    .    m - +0 kite shield
rNeg    . . .      Spirit   .    c - +0 chain mail
rPois   .          Reflect  .    (no helmet)
rElec   .          Harm     .    j - scarf {+Inv}
rCorr   +          Rampage  .    (no gloves)
Will    .....                    (no boots)
Stlth   ..........               (no amulet)
HPRegen 0.30/turn                d - ring of resist corrosion
MPRegen 0.10/turn                n - ring of flight

@: confused, mighty, flying
A: no striking features
a: Convert to Beogh, Evoke Invisibility


You were on level 4 of the Dungeon.
You visited 1 branch of the dungeon, and saw 4 of its levels.

You collected 180 gold pieces.

Inventory:

Hand Weapons
 a - a +0 war axe (weapon)
Missiles
 t - 2 poisoned darts (quivered)
Armour
 c - a +0 chain mail (worn)
 j - a scarf of invisibility (worn)
 m - a +0 kite shield (worn)
 o - a +1 leather armour of cold resistance
Jewellery
 d - a ring of resist corrosion (left hand)
 n - a ring of flight (right hand)
Wands
 k - a wand of quicksilver (1)
Scrolls
 f - a scroll of silence
 p - a scroll of teleportation
Potions
 b - 2 potions of curing {unknown}
 e - a potion of might
 h - 2 potions of haste {unknown}
 i - a potion of lignification {unknown}
 q - 2 potions of ambrosia {unknown}


   Skills:
 + Level 6.1 Fighting
 + Level 5.9 Axes
 + Level 5.5 Armour
 + Level 5.4 Shields


You had 6 spell levels left.
You didn't know any spells.
Your spell library contained the following spells:

 Spells                   Type           Power      Damage    Failure   Level
 Gell's Gravitas          Tloc           0%         N/A       100%        3
 Lesser Beckoning         Tloc           0%         N/A       100%        3
 Teleport Other           Tloc           0%         N/A       100%        3


Dungeon Overview and Level Annotations

Branches:
Dungeon (4/15)
 Temple: D:4-7

Altars:


Message History

The bolt of dispelling energy hits the orc priest!
You kill the orc priest!
You hear some strange, mumbled words.
You are confused.
The orc closely misses you.
The orc priest hits you but does no damage.
The orc priest shouts, "Beogh is our master!
Accept the truth or die!"
You are too confused!
You are too confused!
You feel very mighty all of a sudden. Something hits you but does no damage.
The orc priest hits you but does no damage.
The orc hits you with a +0 flail.
* * * LOW HITPOINT WARNING * * *
You're too confused to move!
Something hits you but does no damage. The orc hits you but does no damage.
The orc priest hits you but does no damage.
You hit the orc priest but do no damage.
The orc priest is moderately wounded.
You miss something. You miss the orc.
You hear some strange, mumbled words.
You are more confused.
The orc hits you but does no damage.
The orc priest hits you with a +0 flail.
* * * LOW HITPOINT WARNING * * *
The orc priest attacks as you move away!
The orc priest shouts, "Surrender to Beogh and we'll let you live!"
The orc priest hits you but does no damage.
You hear some strange, mumbled words.
You are more confused.
The orc priest mumbles some strange prayers to Beogh against you.
You struggle to resist.
You see here an adder corpse.
You are too confused!
You closely miss something.
The orc priest shouts, "Join the one true god or die!"
You hit the orc but do no damage. Something hits you.
* * * LOW HITPOINT WARNING * * *
The orc hits you but does no damage. The orc hits you with a +0 flail.
You die...

#.........#*#........#
#####..##.# #........#
,,,,>..#*.# #.......:#
###...###.# #...?....#
#...### #.# #........#
#.#** #.# #........#
..# #.# #....)...# ..#
#.# #...{o...# #)####
#.# #...@o)..# .†...#
#.# #........#
.....####.#######.####
..##........### #.#
...#..[.......###.###
...#..........#.....#
...#..........#.....#
..##................#
..##..........#.....#


You could see an orc priest and an orc.

Vanquished Creatures
  Menkaure (D:4)
  A sky beast (D:4)
  2 phantoms
  A necrophage (D:4)
  A jelly (D:4)
  A hound (D:4)
  Crazy Yiuf (D:3)
  An orc priest (D:4)
  An orc wizard (D:3)
  2 adders
  4 gnolls (D:3)
  An ufetubus (D:4)
  2 dart slugs
  9 orcs
  4 ball pythons
  3 endoplasms
  A giant cockroach (D:3)
  8 goblins
  8 hobgoblins
  4 jackals (D:4)
  5 quokkas
  5 bats
  A frilled lizard (D:2)
  9 kobolds
  4 rats
80 creatures vanquished.

Vanquished Creatures (collateral kills)
  An orc (D:4)
1 creature vanquished.

Grand Total: 81 creatures vanquished

Notes
Turn   | Place    | Note
-------+----------+-------------------------------------------
     0 | D:1      | p00ps00p the Hill Orc Fighter began the quest for the Orb.
     0 | D:1      | Reached XP level 1. HP: 19/19 MP: 1/1
   148 | D:1      | Reached XP level 2. HP: 27/27 MP: 2/2
   860 | D:2      | Reached skill level 4 in Fighting
   860 | D:2      | Reached XP level 3. HP: 33/33 MP: 3/3
  1313 | D:2      | Found a faded altar of an unknown god.
  1719 | D:3      | Reached XP level 4. HP: 22/41 MP: 4/4
  1929 | D:3      | Found a runed translucent door.
  1930 | D:3      | Noticed Crazy Yiuf
  2119 | D:3      | Reached XP level 5. HP: 28/47 MP: 5/5
  2409 | D:3      | Killed Crazy Yiuf
  2757 | D:4      | Noticed a phantom
  2784 | D:3      | Killed a phantom
  2785 | D:3      | Reached skill level 5 in Fighting
  2785 | D:3      | Reached XP level 6. HP: 30/56 MP: 6/6
  2908 | D:4      | Noticed Menkaure
  2913 | D:4      | Noticed a sky beast
  2918 | D:4      | Killed Menkaure
  2919 | D:4      | Reached skill level 5 in Axes
  2919 | D:4      | Killed a sky beast
  2920 | D:4      | Reached skill level 5 in Armour
  2920 | D:4      | Reached skill level 5 in Shields
  2920 | D:4      | Reached XP level 7. HP: 51/61 MP: 7/7
  3312 | D:4      | Reached skill level 6 in Fighting
  3360 | D:4      | HP: 3/63 [orc priest/+0 flail (6)]
  3362 | D:4      | HP: 1/63 [something (2)]
  3362 | D:4      | Slain by an orc

Illustrated notes

Levels and vault maps discovered:
D:1:      dpeg_arrival_simpleton_b, layout_basic, dreamdust_princess_bridge
D:2:      layout_loops_ring, chequers_ecumenical_altar_simple_redux
D:3:      layout_rooms, uniq_crazy_yiuf_cottage
D:4:      layout_rooms, uniq_menkaure

Skill      XL: |  1  2  3  4  5  6  7 |
---------------+----------------------+-----
Axes           | 3 4 5 |  5.9
Fighting       | 4 5 6 |  6.1
Shields        | 4 5 |  5.4
Armour         | 4 5 |  5.5

Action                   |  1- 3 |  4- 6 |  7- 9 || total
-------------------------+-------+-------+-------++-------
Melee: War axe           |    97 |    67 |    49 ||   213
Throw: Dart              |       |     2 |       ||     2
Evoke: Wand              |       |     4 |     6 ||    10
  Use: Scroll            |     3 |       |     5 ||     8
       Potion            |     2 |       |     1 ||     3
Armor: Scale mail        |    59 |    29 |       ||    88
       Chain mail        |       |     3 |    57 ||    60
Dodge: Dodged            |    51 |    33 |    14 ||    98
Block: Buckler           |    17 |       |       ||    17
       Kite shield       |     6 |    43 |    40 ||    89

Table legend: (Time is in decaauts)
 A = Elapsed time spent in this place.
 B = Non-inter-level travel time spent in this place.
 C = Inter-level travel time spent in this place.
 D = Time resting spent in this place.
 E = Time spent auto-exploring this place.
 F = Levels seen in this place.
 G = Mean time per level.
                   A        B        C        D        E       F      G
               +--------+--------+--------+--------+--------+-----+--------+
         Total |   3448 |   3318 |    130 |    491 |   2016 |   4 |  862.0 |
       Dungeon |   3448 |   3318 |    130 |    491 |   2016 |   4 |  862.0 |
               +--------+--------+--------+--------+--------+-----+--------+

Top non-repeatable levels by time:
     D:3: 1253 daAuts
     D:1: 872 daAuts
     D:2: 839 daAuts
     D:4: 483 daAuts
